 Dungeon Crawl Stone Soup version 0.22-a0-142-g91cc6d7 (webtiles) character file.

456 theanonym the Cudgeler (level 6, -3/51 HPs)
             Began as a Mummy Chaos Knight on Feb 5, 2018.
             Slain by a phantom (7 damage)
             ... on level 4 of the Dungeon.
             The game lasted 00:08:17 (3579 turns).

theanonym the Cudgeler (Mummy Chaos Knight)         Turns: 3579, Time: 00:08:19

Health: -3/51      AC:  6    Str: 18    XL:     6   Next: 77%
Magic:  6/6        EV: 10    Int: 11    God:    Xom [*.....]
Gold:   152        SH:  0    Dex: 15    Spells: 5/5 levels left

rFire    x . .     SeeInvis .   a - +0 mace (chaos)
rCold    + . .     Gourm    .   (no shield)
rNeg     + + +     Faith    .   d - +0 ring mail
rPois    ∞         Spirit   .   (no helmet)
rElec    .         Reflect  .   (no cloak)
rCorr    .         Harm     .   g - +0 pair of gloves
MR       .....                  (no boots)
Stlth    +.........             (no amulet)
HPRegen  0.17/turn              h - +4 ring of dexterity
MPRegen  0.10/turn              (no ring)

@: no status effects
A: no food or potions, fire vulnerability, cold resistance 1, negative energy
resistance 3, torment resistance, unbreathing
a: Renounce Religion


Innate Abilities, Weirdness & Mutations

You do not eat or drink.
Your flesh is vulnerable to fire.
You are immune to poison.
Your flesh is cold resistant. (rC+)
You are immune to negative energy. (rN+++)
You are immune to unholy pain and torment.
You can survive without breathing.


   Skills:
 + Level 5.0 Fighting
 * Level 5.4 Maces & Flails
 - Level 1.5 Armour
 - Level 0.7 Dodging


You had 5 spell levels left.
You didn't know any spells.

Skill      XL: |  1  2  3  4  5  6 |
---------------+-------------------+-----
Maces & Flails | 3 4 5 |  5.4
Fighting       | 4 5 |  5.0
Armour         | |  1.5
Dodging        | |  0.7

Action                   |  1- 3 |  4- 6 || total
-------------------------+-------+-------++-------
Melee: Mace              |   110 |   160 ||   270
Evoke: Wand              |       |     4 ||     4
  Use: Scroll            |     3 |     5 ||     8
 Stab: Paralysed         |     1 |     3 ||     4
       Confused          |     1 |       ||     1
Armor: Leather armour    |    45 |    11 ||    56
       Ring mail         |       |    53 ||    53
Dodge: Dodged            |    84 |    91 ||   175

Inventory:

Hand Weapons
 a - a +0 mace of chaos (weapon)
 j - a +1 mace of draining
   (You took it off an orc on level 3 of the Dungeon)
Armour
 b - a +2 leather armour
 d - a +0 ring mail (worn)
   (You found it on level 2 of the Dungeon)
 g - a +0 pair of gloves (worn)
   (You found it on level 1 of the Dungeon)
Jewellery
 h - a +4 ring of dexterity (left hand)
   (You found it on level 1 of the Dungeon)
Wands
 f - a wand of polymorph (5)
   (You found it on level 3 of the Dungeon)
Scrolls
 c - a scroll of fear
 e - a scroll of amnesia
 i - a scroll of noise
 n - a scroll of remove curse
 y - 2 scrolls of magic mapping


You were on level 4 of the Dungeon.
You worshipped Xom.
You were a special plaything of Xom.
You were not hungry.

You visited 1 branch of the dungeon, and saw 4 of its levels.

You collected 152 gold pieces.

Dungeon Overview and Level Annotations

Branches:
Dungeon (4/15)             Temple (0/1) D:4

Altars:
Xom
The Shining One

.#........#######
#.# .#........#
####.#
..........#
#....#
#........$#
#.####
#....%..... #.#
#.######### #.#
#.#≈≈≈≈≈≈≈ #.#
#.#≈≈≈≈≈≈≈ ###W#
#.#≈≈≈≈≈≈≈ #)@.#
..#≈≈≈#### #W###
..#####... #.#
........>. #.#
..#####... #.#
..#≈≈≈#### #.#
..#≈≈≈≈≈≈≈ #.#
..#≈≈≈≈≈≈≈ ###
..#≈≈≈≈≈≈≈


You could see 2 phantoms.

Notes
Turn   | Place    | Note
-------+----------+-------------------------------------------
     0 | D:1      | theanonym the Mummy Chaos Knight began the quest for the Orb.
     0 | D:1      | Reached XP level 1. HP: 18/18 MP: 1/1
     3 | D:1      | Noticed an electric eel
     3 | D:1      | Noticed an electric eel
   372 | D:1      | XOM: divination: detect items
   392 | D:1      | Reached XP level 2. HP: 23/24 MP: 2/2
   425 | D:1      | XOM: silly message
   509 | D:1      | Reached skill level 3 in Maces & Flails
   735 | D:1      | XOM: scenery: 1 doors open
   754 | D:1      | Reached XP level 3. HP: 28/29 MP: 3/3
  1259 | D:2      | HP: 13/29 [quokka (3)]
  1260 | D:2      | HP: 6/29 [quokka (2)]
  1261 | D:2      | HP: 2/29 [something (2)]
  1309 | D:2      | HP: 3/29 [jackal (2)]
  1325 | D:2      | XOM: enchant monster (good)
  1338 | D:2      | HP: 4/29 [jackal (1)]
  1396 | D:2      | XOM: cloud trail
  1454 | D:2      | XOM: 2-stop teleportation journey
  1652 | D:2      | Reached XP level 4. HP: 26/37 MP: 4/4
  1981 | D:2      | Found a glowing golden altar of the Shining One.
  2149 | D:3      | Noticed Natasha
  2173 | D:2      | XOM: 2-stop teleportation journey
  2379 | D:3      | Reached skill level 4 in Fighting
  2379 | D:3      | Reached skill level 4 in Maces & Flails
  2385 | D:3      | Reached XP level 5. HP: 36/42 MP: 5/5
  2534 | D:3      | HP: 19/42 [iron imp[Natasha] (8)]
  2808 | D:3      | XOM: confuse monster(s)
  2962 | D:3      | XOM: scenery: create altars
  2993 | D:3      | Killed Natasha
  3025 | D:3      | Noticed Natasha
  3030 | D:3      | Killed Natasha
  3030 | D:3      | Reached XP level 6. HP: 36/49 MP: 6/6
  3119 | D:3      | Noticed Natasha
  3130 | D:3      | Killed Natasha
  3205 | D:3      | XOM: scenery: create altars
  3313 | D:4      | XOM: swap monsters
  3322 | D:4      | XOM: cast spell 'Dispersal'
  3331 | D:4      | Reached skill level 5 in Maces & Flails
  3502 | D:4      | Found a staircase to the Ecumenical Temple.
  3528 | D:4      | HP: 25/50 [phantom (4)]
  3568 | D:4      | XOM: swap monsters
  3572 | D:4      | HP: 20/50 [ogre/giant club (5)]
  3574 | D:4      | XOM: silly message
  3577 | D:4      | HP: 15/50 [phantom (6)]
  3578 | D:4      | Reached skill level 5 in Fighting
  3578 | D:4      | HP: 4/51 [phantom (4)]
  3579 | D:4      | Slain by a phantom

Vanquished Creatures
  An ogre (D:4)
  A hound (D:4)
  2 orc wizards
  A worker ant (D:4)
  Natasha (thrice) (D:3)
  4 gnolls (D:3)
  7 adders
  A worm (D:3)
  A leopard gecko (D:1)
  4 orcs (D:3)
  4 giant cockroaches
  9 goblins
  8 hobgoblins
  3 jackals (D:2)
  10 kobolds
  2 quokkas
  6 bats
  7 frilled lizards
  10 rats
84 creatures vanquished.

Vanquished Creatures (others)
  A dart slug (D:2)
1 creature vanquished.

Grand Total: 85 creatures vanquished

Table legend:
 A = Turns spent in this place as a percentage of turns spent in the entire game.
 B = Non-inter-level travel turns spent in this place as a percentage of non-inter-level travel turns spent in the entire game.
 C = Inter-level travel turns spent in this place as a percentage of turns spent in this place.
 D = Turns resting spent in this place as a percentage of non-inter-level travel turns spent in this place.
 E = Turns spent auto-exploring this place as a percentage of non-inter-level travel turns spent in this place.
 F = Non-inter-level travel turns spent in this place divided by the number of levels of this place that you've seen.
                   A       B       C       D       E      F
               +-------+-------+-------+-------+-------+----------------------
         Total | 100.0 | 100.0 |   6.1 |  34.3 |  45.5 | 840.5
       Dungeon | 100.0 | 100.0 |   6.1 |  34.3 |  45.5 | 840.5
               +-------+-------+-------+-------+-------+----------------------
